 Dungeon Crawl Stone Soup version 0.27.0-1-g7a089689b8 (webtiles) character file.

Game seed: 17593873808058832527

138 Ozzies the Skirmisher (level 5, -1/47 HPs)
             Began as a Palentonga Monk on Aug 1, 2021.
             Succumbed to an adder's poison
             ... on level 3 of the Dungeon.
             The game lasted 00:03:01 (3732 turns).

Ozzies the Skirmisher (Palentonga Monk)             Turns: 3732, Time: 00:03:02

Health: -1/47      AC:  4    Str: 15    XL:     5   Next: 1%
Magic:  5/5        EV: 11    Int: 10    God:
Gold:   166        SH:  5    Dex: 19    Spells: 4/4 levels left

rFire    . . .     SeeInvis +     - Unarmed
rCold    . . .     Faith    .   (no shield)
rNeg     . . .     Spirit   .   a - +0 robe
rPois    .         Reflect  +   (no helmet)
rElec    .         Harm     .   (no cloak)
rCorr    .         Rampage  .   (no gloves)
Will     .....                  (no barding)
Stlth    ++........             p - amulet of reflection
HPRegen  0.15/turn              m - +6 ring of dexterity
MPRegen  0.09/turn              (no ring)

@: lethally poisoned (-1 -> -14)
A: large, rugged brown scales 3, see invisible, deformed body, roll 1, armoured
tail
a: Rolling Charge


You were on level 3 of the Dungeon.
You visited 1 branch of the dungeon, and saw 4 of its levels.

You collected 166 gold pieces.

Inventory:

Missiles
 c - 132 stones
 d - 2 throwing nets (quivered) {!f}
Armour
 a - a +0 robe (worn)
 o - a +2 kite shield
Jewellery
 m - a +6 ring of dexterity (left hand)
 p - an amulet of reflection (around neck)
 s - an amulet of the acrobat
Scrolls
 f - a scroll of vulnerability {unknown}
 g - a scroll of magic mapping {unknown}
 h - 2 scrolls of summoning {unknown}
 i - a scroll of blinking {unknown}
 k - 4 scrolls of identify {unknown}
 l - a scroll of torment {unknown}
 r - a scroll of enchant armour {unknown}
 t - a scroll of holy word {unknown}
 u - a scroll of teleportation {unknown}
 w - a scroll of enchant weapon {unknown}
Potions
 b - a potion of heal wounds {unknown}
 e - a potion of degeneration {unknown}
 j - a potion of curing {unknown}
 n - a potion of mutation {unknown}
 q - a potion of lignification {unknown}
 v - a potion of berserk rage {unknown}


   Skills:
 * Level 5.0 Fighting
 - Level 2.4 Dodging
 - Level 1.2 Stealth
 + Level 4.0 Unarmed Combat


You had 4 spell levels left.
You didn't know any spells.
Your spell library contained the following spells:

 Spells                   Type           Power      Damage    Failure   Level
 Corona                   Hex            0%         N/A       36%         1
 Ensorcelled Hibernation  Hex/Ice        0%         N/A       50%         2
 Tukima's Dance           Hex            0%         N/A       75%         3


Dungeon Overview and Level Annotations

Branches:
Dungeon (4/15)
 Temple: D:4-7

Altars:
Hepliaklqana

Shops:
D:3 [


Innate Abilities, Weirdness & Mutations

You are completely covered in rugged brown scales. (AC +3, +7% HP)
You have supernaturally acute eyesight. (SInv)
Armour fits poorly on your strangely shaped body.
You can roll at nearby foes to attack.
You have a long armoured tail.


Message History

A frilled lizard is nearby!
A frilled lizard is nearby!
A frilled lizard is nearby!
The helpless frilled lizard fails to defend itself.
You punch the frilled lizard!
You kill the frilled lizard!
No target in view!
No target in view!
No target in view!
No target in view!
No target in view!
No target in view!
No target in view!
No target in view!
No target in view!
You see here a frilled lizard corpse.
A kobold comes into view. It is wielding a +0 dagger.
Found a stone staircase leading up.
A kobold is nearby!
A kobold is nearby!
A kobold is nearby!
The helpless kobold fails to defend itself.
You hit the kobold.
The kobold is moderately wounded.
The kobold hits you with a +0 dagger.
You hit the kobold.
You kill the kobold!
You have reached level 5!
Things that are here:
a +0 dagger; a kobold corpse A hobgoblin comes into view.
A hobgoblin is nearby!
A hobgoblin is nearby!
A hobgoblin is nearby!
The helpless hobgoblin fails to defend itself.
You hit the hobgoblin but do no damage. You tail-slap the hobgoblin.
The hobgoblin is heavily wounded.
The hobgoblin misses you.
You barely miss the hobgoblin.
Your tail-slap misses the hobgoblin.
The hobgoblin is heavily wounded.
The hobgoblin completely misses you.
You barely miss the hobgoblin.
The hobgoblin is heavily wounded.
You block the hobgoblin's attack.
You hit the hobgoblin. You tail-slap the hobgoblin.
You kill the hobgoblin!
No target in view!
No target in view!
No target in view!
No target in view!
No target in view!
No target in view!
You see here a hobgoblin corpse.
You see here a hobgoblin corpse.
There is an open door here.
There is an open door here.
You open the door.
There is an open door here.
You open the door.
There is an open door here.
Done exploring.
Done exploring.
Done exploring.
Done exploring.
No target in view!
No target in view!
No target in view!
No target in view!
No target in view!
No target in view!
Search for what [Enter for "."]? .
(D) Dungeon
Where to? (Enter - D:3, ? - help)
There is an open door here.
There is a stone staircase leading down here.
You climb downwards.
An iguana, an adder and a worm come into view.
The iguana hisses angrily.
The adder hisses angrily.
The adder bites you.
You are poisoned.
The adder poisons you! The iguana misses you. The adder bites you.
The iguana bites you.
Found a scroll labelled MITZIGEOME.
There is a stone staircase leading up here.
You feel sick. The adder barely misses you. The iguana bites you!
You climb upwards.
You feel sick.
There is a stone staircase leading down here.
You hit the iguana but do no damage.
You feel sick. The adder closely misses you. The iguana barely misses you.
You hit the iguana but do no damage.
You feel sick. The adder bites you. The iguana barely misses you.
The adder bites you.
You are more poisoned.
The adder poisons you!
You hit the iguana but do no damage.
You feel sick. The adder bites you.
* * * LOW HITPOINT WARNING * * *
You are lethally poisoned!
The adder poisons you! The iguana bites you!
* * * LOW HITPOINT WARNING * * *
You barely miss the iguana.
You die...

##.# #.........# ####.## ##..
...# #####.##### #..<..# ##.
##'## #.## #.##..# ## #...## #..#
#.#...# .....## #####.####
#.#.#.## # ......###........#
#.#.#..## ##
.......##.#...##.####.......####.
.......'.......S...............'.
.......##.#...##@######.#...####.
......###.##..##l# #..#.## ##
.....## #.##.###.# ##.### #
#...## #.##.###.# #.# ##'##
#........# #.# #.# ####.##### #.#
#.# #.# #.# ##.## #.# #.# #...##
#.# #.#


You could see an iguana and an adder.

Vanquished Creatures
  An iguana (D:3)
  3 adders
  An ufetubus (D:3)
  A worm (D:2)
  3 dart slugs
  3 orcs (D:4)
  5 ball pythons
  7 bats
  2 endoplasms
  3 giant cockroaches
  8 hobgoblins
  4 jackals
  3 frilled lizards
  8 goblins
  7 kobolds
  8 rats
67 creatures vanquished.

Notes
Turn   | Place    | Note
-------+----------+-------------------------------------------
     0 | D:1      | Ozzies the Palentonga Monk began the quest for the Orb.
     0 | D:1      | Reached XP level 1. HP: 19/19 MP: 1/1
   401 | D:1      | Reached XP level 2. HP: 23/25 MP: 2/2
  1301 | D:2      | Reached XP level 3. HP: 32/32 MP: 3/3
  1587 | D:2      | Reached skill level 4 in Fighting
  2169 | D:3      | Found Mocwan's Antique Armour Shoppe.
  2371 | D:3      | Reached XP level 4. HP: 40/40 MP: 4/4
  2599 | D:3      | You fall into a shaft and drop 1 floor!
  2722 | D:4      | Found a hazy altar of Hepliaklqana.
  3534 | D:3      | Reached skill level 5 in Fighting
  3562 | D:3      | Reached XP level 5. HP: 46/47 MP: 5/5
  3731 | D:3      | HP: 1/47 [iguana (11)]
  3732 | D:3      | Succumbed to an adder's poison

Illustrated notes

Levels and vault maps discovered:
D:1:      minmay_arrival_hallway, layout_loops_ring
D:2:      cheibrodos_old_hovel, layout_basic, chequers_arboretum,
          minmay_misc_feat_doors
D:3:      layout_loops_corners, serial_shops, shop_statue, minmay_between
D:4:      layout_gridville, mainiacjoe_overflow_concentric_impassable

Skill      XL: |  1  2  3  4 |
---------------+-------------+-----
Fighting       | 4 5 |  5.0
Unarmed Combat | 4 |  4.0
Dodging        | |  2.4
Stealth        | |  1.2

Action                   |  1- 3 |  4- 6 || total
-------------------------+-------+-------++-------
Melee: Unarmed           |   146 |   111 ||   257
       Tailslap          |    22 |    14 ||    36
       Punch             |     1 |       ||     1
 Stab: Sleeping          |     7 |     4 ||    11
       Distracted        |       |     1 ||     1
Armor: Robe              |    58 |    31 ||    89
Dodge: Dodged            |    59 |    50 ||   109
Block: Other             |     4 |    35 ||    39
